[Event "Deutsche Schachbundesliga 2010/11"]
[Site "Germany"]
[Date "2011.02.27"]
[Round "11"]
[White "Appel, Ralf"]
[Black "Diebl, Lutz"]
[Result "1-0"]
[ECO "B00"]
[WhiteElo "2547"]
[BlackElo "2222"]
[PlyCount "53"]
[EventDate "2011.??.??"]
[WhiteTeam "Wattenscheid"]
[BlackTeam "Aue"]
[TimeControl "40/6000+30:20/3000+30:900+30"]

1. e4 Nc6 2. d4 e5 3. dxe5 Nxe5 4. Nc3 Bc5 5. Be2 d6 6. Na4 Bb6 7. Nxb6 axb6 8.
f4 Nc6 9. Nf3 Qe7 10. Bd3 Nf6 11. O-O O-O 12. Re1 Re8 13. Bd2 Bg4 14. h3 Bxf3
15. Qxf3 Nd7 16. c3 Qh4 17. Re2 Re7 18. Be1 Qh6 19. Bg3 Rae8 20. Rae1 g5 21.
Re3 Kh8 22. e5 dxe5 23. fxg5 Qxg5 24. Qf2 Qg7 25. Bh4 f6 26. Bf5 Nf8 27. Rd1
1-0

[Event "Deutsche Schachbundesliga 2010/11"]
[Site "Germany"]
[Date "2011.02.27"]
[Round "11"]
[White "Czarnota, Pawel"]
[Black "Vasilevich, Tatjana"]
[Result "1-0"]
[ECO "A09"]
[WhiteElo "2524"]
[BlackElo "2399"]
[PlyCount "73"]
[EventDate "2011.??.??"]
[WhiteTeam "Wattenscheid"]
[BlackTeam "Aue"]
[TimeControl "40/6000+30:20/3000+30:900+30"]

1. Nf3 d5 2. c4 d4 3. g3 c5 4. Bg2 Nc6 5. O-O e5 6. d3 f6 7. a3 a5 8. e3 Nge7
9. exd4 cxd4 10. Nbd2 Ng6 11. Ne1 Be6 12. Rb1 Qd7 13. Nc2 Rb8 14. b4 axb4 15.
axb4 b5 16. f4 f5 17. fxe5 Ngxe5 18. Re1 Be7 19. Nf3 Ng4 20. Bf4 Rb6 21. h3 Ne3
22. Nxe3 dxe3 23. Bxe3 Rb8 24. Bf4 Rd8 25. cxb5 Nd4 26. Nxd4 Qxd4+ 27. Kh2 Kf7
28. Qh5+ g6 29. Qe2 Qd7 30. Rbc1 Bd6 31. Bxd6 Qxd6 32. Rc6 Rhe8 33. Rxd6 Rxd6
34. Qe5 Rxd3 35. b6 Rdd8 36. b7 h6 37. Rc1 1-0

[Event "Deutsche Schachbundesliga 2010/11"]
[Site "Germany"]
[Date "2011.02.27"]
[Round "11"]
[White "Dinstuhl, Volkmar"]
[Black "Heinz, Juergen"]
[Result "1-0"]
[ECO "D36"]
[WhiteElo "2424"]
[BlackElo "2288"]
[PlyCount "99"]
[EventDate "2011.??.??"]
[WhiteTeam "Wattenscheid"]
[BlackTeam "Aue"]
[TimeControl "40/6000+30:20/3000+30:900+30"]

1. c4 e6 2. d4 d5 3. Nc3 Nf6 4. cxd5 exd5 5. Bg5 c6 6. Qc2 Nbd7 7. e3 h6 8. Bh4
Bd6 9. Bd3 O-O 10. Nge2 Re8 11. Bg3 Nf8 12. O-O Bg4 13. f3 Bh5 14. Qd2 Bg6 15.
Rfe1 Bxg3 16. Nxg3 Qd7 17. Rad1 Rad8 18. b4 a6 19. Na4 Qc7 20. Nc5 Bxd3 21.
Qxd3 g6 22. a4 Re7 23. Rc1 N8d7 24. b5 axb5 25. axb5 Nb6 26. bxc6 bxc6 27. Nf1
Ne8 28. e4 Ng7 29. Nd2 Ne6 30. e5 Nxc5 31. Rxc5 Re6 32. Rec1 Nd7 33. R5c3 c5
34. f4 c4 35. Qh3 Kg7 36. f5 gxf5 37. Qxf5 Nf8 38. Rf1 Rg6 39. Nf3 Qd7 40. Nh4
Qxf5 41. Nxf5+ Kh7 42. Ne7 Rg7 43. Rf6 Rb8 44. Nxd5 Rb1+ 45. Rf1 Rb2 46. g3 h5
47. Nf6+ Kh6 48. Rxc4 Ne6 49. d5 Ng5 50. Rh4 1-0

[Event "Deutsche Schachbundesliga 2010/11"]
[Site "Germany"]
[Date "2011.02.27"]
[Round "11"]
[White "Eichner, Sebastian"]
[Black "Handke, Florian"]
[Result "0-1"]
[ECO "D12"]
[WhiteElo "2323"]
[BlackElo "2494"]
[PlyCount "90"]
[EventDate "2011.??.??"]
[WhiteTeam "Aue"]
[BlackTeam "Wattenscheid"]
[TimeControl "40/6000+30:20/3000+30:900+30"]

1. d4 d5 2. c4 c6 3. Nf3 Nf6 4. e3 Bf5 5. Nc3 e6 6. Nh4 Be4 7. f3 Bg6 8. Qb3
Qc7 9. Bd2 Be7 10. g3 a6 11. Rc1 Nbd7 12. cxd5 exd5 13. e4 dxe4 14. Nxg6 hxg6
15. fxe4 Qb6 16. Bc4 Qxd4 17. Bxf7+ Kf8 18. Bxg6 Ne5 19. Ne2 Qd3 20. Bc3 Rxh2
21. Rxh2 Nf3+ 22. Kf1 Nxh2+ 23. Kg1 Bc5+ 24. Bd4 Bxd4+ 25. Nxd4 Qxb3 26. axb3
Nhg4 27. Rc5 Kg8 28. Rg5 Rd8 29. Ne6 Rd1+ 30. Kg2 Rd2+ 31. Kg1 Rd1+ 32. Kg2
Rd2+ 33. Kg1 Ne3 34. Bf5 Ne8 35. e5 Nd5 36. Bg6 Nec7 37. Nc5 b6 38. Nd7 Ne3 39.
Nxb6 Ne6 40. Rh5 Rg2+ 41. Kh1 Rxg3 42. Be4 Nf4 43. Rh2 Ng4 44. Rc2 Re3 45. Bxc6
Re1# 0-1

[Event "Deutsche Schachbundesliga 2010/11"]
[Site "Germany"]
[Date "2011.02.27"]
[Round "11"]
[White "Macieja, Bartlomiej"]
[Black "Slobodjan, Roman"]
[Result "1-0"]
[ECO "A53"]
[WhiteElo "2651"]
[BlackElo "2556"]
[PlyCount "52"]
[EventDate "2011.??.??"]
[WhiteTeam "Wattenscheid"]
[BlackTeam "Aue"]
[TimeControl "40/6000+30:20/3000+30:900+30"]

1. Nf3 Nf6 2. c4 d6 3. d4 Bg4 4. Qb3 Qc8 5. h3 Bh5 6. g4 Bg6 7. Bg2 Nc6 8. d5
Nd8 9. Nc3 e6 10. Nh4 e5 11. f4 exf4 12. Bxf4 Be7 13. O-O-O O-O 14. e3 a6 15.
Ne2 Nd7 16. Nxg6 fxg6 17. g5 b5 18. Nd4 Nc5 19. Qc2 bxc4 20. Qxc4 Rb8 21. h4 a5
22. Nc6 Nxc6 23. dxc6+ Kh8 24. h5 Qe8 25. h6 Rf5 26. hxg7+ Kxg7 1-0

[Event "Deutsche Schachbundesliga 2010/11"]
[Site "Germany"]
[Date "2011.02.27"]
[Round "11"]
[White "Meijers, Viesturs"]
[Black "Vitiugov, Nikita"]
[Result "0-1"]
[ECO "B06"]
[WhiteElo "2502"]
[BlackElo "2709"]
[PlyCount "55"]
[EventDate "2011.??.??"]
[WhiteTeam "Aue"]
[BlackTeam "Wattenscheid"]
[TimeControl "40/6000+30:20/3000+30:900+30"]

1. e4 g6 2. d4 Bg7 3. Nc3 d6 4. Be3 a6 5. a4 Nd7 6. Be2 b6 7. h4 h6 8. Bf3 Bb7
9. Nge2 e6 10. Qd2 Ne7 11. g3 Nf5 12. h5 g5 13. Bg2 O-O 14. f4 Nxe3 15. Qxe3 c5
16. Rd1 cxd4 17. Nxd4 Qe7 18. O-O Rac8 19. Rd2 Nf6 20. Qe2 gxf4 21. gxf4 Kh8
22. Kh2 Rc5 23. f5 Rg8 24. Rd3 Ng4+ 25. Kg1 Qh4 26. Rff3 exf5 27. Qd2 Qh2+ 28.
Kf1 0-1

[Event "Deutsche Schachbundesliga 2010/11"]
[Site "Germany"]
[Date "2011.02.27"]
[Round "11"]
[White "Melamed, Tetyana"]
[Black "Rustemov, Alexander"]
[Result "1/2-1/2"]
[ECO "C42"]
[WhiteElo "2353"]
[BlackElo "2541"]
[PlyCount "90"]
[EventDate "2011.??.??"]
[WhiteTeam "Aue"]
[BlackTeam "Wattenscheid"]
[TimeControl "40/6000+30:20/3000+30:900+30"]

1. e4 e5 2. Nf3 Nf6 3. Nxe5 d6 4. Nf3 Nxe4 5. d4 d5 6. Bd3 Nc6 7. O-O Be7 8. c4
Nb4 9. Be2 O-O 10. Nc3 Bf5 11. a3 Nxc3 12. bxc3 Nc6 13. Re1 dxc4 14. Bxc4 h6
15. Bf4 Bd6 16. Ne5 Bxe5 17. Bxe5 Qd7 18. Qf3 Rae8 19. Bb5 Bg6 20. Bxc6 bxc6
21. Qg3 Re7 22. h4 h5 23. Re3 Kh7 24. Rae1 Rfe8 25. Bxc7 Rxe3 26. Rxe3 Rxe3 27.
fxe3 Qe6 28. Bd6 Qb3 29. Bb4 a5 30. Bxa5 Qxa3 31. Bb4 Qb3 32. Kh2 Qe6 33. Qf4
f6 34. Kg3 Bd3 35. Qf3 Kg6 36. Kh2 Qe4 37. Qxe4+ Bxe4 38. Kg3 Kf5 39. Bf8 g5
40. c4 Bd3 41. d5 cxd5 42. cxd5 Be4 43. d6 Ke6 44. Be7 gxh4+ 45. Kxh4 Bxg2
1/2-1/2

[Event "Deutsche Schachbundesliga 2010/11"]
[Site "Germany"]
[Date "2011.02.27"]
[Round "11"]
[White "Spiess, Gunter"]
[Black "Bartel, Mateusz"]
[Result "0-1"]
[ECO "D31"]
[WhiteElo "2429"]
[BlackElo "2599"]
[PlyCount "92"]
[EventDate "2011.??.??"]
[WhiteTeam "Aue"]
[BlackTeam "Wattenscheid"]
[TimeControl "40/6000+30:20/3000+30:900+30"]

1. d4 d5 2. c4 e6 3. Nc3 c6 4. Nf3 dxc4 5. a4 Bb4 6. e3 b5 7. Bd2 a5 8. axb5
Bxc3 9. Bxc3 cxb5 10. b3 Bb7 11. bxc4 b4 12. Bb2 Nf6 13. Bd3 O-O 14. O-O Nbd7
15. Re1 Ne4 16. Qc2 f5 17. Re2 Qc7 18. Ne1 a4 19. f3 b3 20. Qc1 Nef6 21. c5 Nd5
22. Bc4 Qc6 23. Nd3 Ba6 24. g3 Bxc4 25. Qxc4 N7b6 26. Qc1 Qb5 27. cxb6 Qxd3 28.
Kf2 Rac8 29. Qe1 Rc2 30. Rxc2 Qxc2+ 31. Qe2 Qxe2+ 32. Kxe2 Nxb6 33. Ba3 Rc8 34.
Bc5 b2 35. Rb1 Nc4 36. Kd3 Rxc5 37. dxc5 a3 38. Kxc4 a2 39. Rxb2 a1=Q 40. Rb6
Kf7 41. Kb5 Qf1+ 42. Ka5 Qxf3 43. c6 Ke7 44. Ka6 Qxe3 45. Kb7 Qc5 46. Rb1 Qd5
0-1

[Event "Deutsche Schachbundesliga 2010/11"]
[Site "Germany"]
[Date "2011.02.27"]
[Round "11"]
[White "Galyas, Miklos"]
[Black "Doettling, Fabian"]
[Result "1/2-1/2"]
[ECO "D35"]
[WhiteElo "2484"]
[BlackElo "2579"]
[PlyCount "43"]
[EventDate "2011.??.??"]
[WhiteTeam "SG Trier"]
[BlackTeam "Baden-Baden"]
[TimeControl "40/6000+30:20/3000+30:900+30"]

1. d4 d5 2. c4 e6 3. Nc3 Be7 4. cxd5 exd5 5. Bf4 c6 6. e3 Bf5 7. Bd3 Bxd3 8.
Qxd3 Nf6 9. Nf3 Nbd7 10. h3 O-O 11. O-O Re8 12. Rab1 a5 13. Qc2 Nb6 14. b3 Bd6
15. Bxd6 Qxd6 16. Ne5 Qe7 17. Na4 Nbd7 18. Nxd7 Nxd7 19. Qf5 g6 20. Qc2 Nf6 21.
Nc5 Ne4 22. Nxe4 1/2-1/2

[Event "Deutsche Schachbundesliga 2010/11"]
[Site "Germany"]
[Date "2011.02.27"]
[Round "11"]
[White "Gustafsson, Jan"]
[Black "Cioara, Andrei-Nestor"]
[Result "1-0"]
[ECO "E15"]
[WhiteElo "2646"]
[BlackElo "2426"]
[PlyCount "61"]
[EventDate "2011.??.??"]
[WhiteTeam "Baden-Baden"]
[BlackTeam "SG Trier"]
[TimeControl "40/6000+30:20/3000+30:900+30"]

1. d4 Nf6 2. c4 e6 3. Nf3 b6 4. g3 Ba6 5. Qa4 c5 6. Bg2 Bb7 7. dxc5 bxc5 8. O-O
Be7 9. Nc3 O-O 10. Bf4 Qb6 11. Rfd1 Rd8 12. Rd2 d6 13. Rad1 a6 14. Ng5 Bxg2 15.
Kxg2 Ne8 16. Nge4 Kf8 17. g4 Ra7 18. Qc2 Kg8 19. Qd3 Nc6 20. Qg3 e5 21. Be3 Nd4
22. Nd5 Qc6 23. b4 Rb7 24. bxc5 dxc5 25. Qxe5 Bd6 26. Nxd6 Nxd6 27. Bxd4 cxd4
28. Rxd4 Re8 29. Qf4 Rxe2 30. Qf3 Qe8 31. Nc3 1-0

[Event "Deutsche Schachbundesliga 2010/11"]
[Site "Germany"]
[Date "2011.02.27"]
[Round "11"]
[White "Jaracz, Pawel"]
[Black "Naiditsch, Arkadij"]
[Result "1/2-1/2"]
[ECO "A28"]
[WhiteElo "2543"]
[BlackElo "2674"]
[PlyCount "84"]
[EventDate "2011.??.??"]
[WhiteTeam "SG Trier"]
[BlackTeam "Baden-Baden"]
[TimeControl "40/6000+30:20/3000+30:900+30"]

1. c4 e5 2. Nc3 Nf6 3. Nf3 Nc6 4. a3 d5 5. cxd5 Nxd5 6. Qc2 Be7 7. e3 O-O 8.
Bb5 Nxc3 9. bxc3 Qd5 10. Bd3 f5 11. e4 Qf7 12. exf5 Bxf5 13. Bxf5 Qxf5 14. Qxf5
Rxf5 15. d3 Bc5 16. Rf1 Raf8 17. Ra2 Na5 18. Re2 Nb3 19. Bb2 Bd6 20. Kd1 Nc5
21. Kc2 Ne6 22. Bc1 Nf4 23. Bxf4 Rxf4 24. Kb3 Rg4 25. Ne1 b5 26. f3 Rh4 27. h3
c5 28. Nc2 c4+ 29. dxc4 bxc4+ 30. Ka4 Rb8 31. Rd1 Rh6 32. Rd5 Rb3 33. Ra5 Rxc3
34. Rxa7 Re6 35. Ra6 Kf7 36. Kb5 e4 37. fxe4 Re5+ 38. Ka4 Bc5 39. Rc6 Rg3 40.
Kb5 Bxa3+ 41. Kxc4 Be7 42. Nd4 Rd5 1/2-1/2

[Event "Deutsche Schachbundesliga 2010/11"]
[Site "Germany"]
[Date "2011.02.27"]
[Round "11"]
[White "Lupulescu, Constantin"]
[Black "Bacrot, Etienne"]
[Result "1/2-1/2"]
[ECO "D15"]
[WhiteElo "2617"]
[BlackElo "2716"]
[PlyCount "42"]
[EventDate "2011.??.??"]
[WhiteTeam "SG Trier"]
[BlackTeam "Baden-Baden"]
[TimeControl "40/6000+30:20/3000+30:900+30"]

1. d4 d5 2. c4 c6 3. Nf3 Nf6 4. e3 a6 5. Nc3 b5 6. c5 Nbd7 7. a3 g6 8. b4 a5 9.
Bb2 Bg7 10. Bd3 O-O 11. O-O e5 12. dxe5 Ng4 13. Ne2 Ndxe5 14. Nxe5 Nxe5 15. Nd4
Bd7 16. Be2 Qe7 17. Bc3 a4 18. Qc2 f5 19. Rae1 Rae8 20. g3 Ng4 21. Qb2 Nf6
1/2-1/2

[Event "Deutsche Schachbundesliga 2010/11"]
[Site "Germany"]
[Date "2011.02.27"]
[Round "11"]
[White "Nielsen, Peter Heine"]
[Black "Cyborowski, Lukasz"]
[Result "1/2-1/2"]
[ECO "E90"]
[WhiteElo "2670"]
[BlackElo "2531"]
[PlyCount "42"]
[EventDate "2011.??.??"]
[WhiteTeam "Baden-Baden"]
[BlackTeam "SG Trier"]
[TimeControl "40/6000+30:20/3000+30:900+30"]

1. d4 Nf6 2. c4 g6 3. Nc3 Bg7 4. e4 d6 5. Nf3 O-O 6. h3 a6 7. Bg5 c5 8. d5 e6
9. Bd3 exd5 10. exd5 Re8+ 11. Be3 Bh6 12. O-O Bxe3 13. fxe3 Qe7 14. e4 Nbd7 15.
Rf2 Rf8 16. Qd2 Ne5 17. Nxe5 Qxe5 18. Bc2 Nd7 19. Ba4 Nb6 20. Bb3 Nd7 21. Ba4
Nb6 1/2-1/2

[Event "Deutsche Schachbundesliga 2010/11"]
[Site "Germany"]
[Date "2011.02.27"]
[Round "11"]
[White "Nisipeanu, Liviu-Dieter"]
[Black "Gonda, Laszlo"]
[Result "1-0"]
[ECO "C48"]
[WhiteElo "2683"]
[BlackElo "2550"]
[PlyCount "51"]
[EventDate "2011.??.??"]
[WhiteTeam "Baden-Baden"]
[BlackTeam "SG Trier"]
[TimeControl "40/6000+30:20/3000+30:900+30"]

1. e4 e5 2. Nf3 Nc6 3. Bb5 Nf6 4. Nc3 Nd4 5. Nxe5 Qe7 6. f4 Nxb5 7. Nxb5 d6 8.
Nf3 Qxe4+ 9. Kf2 Qc4 10. Re1+ Be6 11. Nfd4 O-O-O 12. d3 Qc5 13. b4 Qxb4 14.
Nxa7+ Kd7 15. c3 Qa5 16. Nab5 Kc8 17. Nxe6 fxe6 18. Qb3 d5 19. Rxe6 c6 20. Nd4
Bc5 21. Rb1 Qa7 22. Kf3 Rhe8 23. Nxc6 bxc6 24. Rxc6+ Kd7 25. Qb5 Rb8 26. Rb6+
1-0

[Event "Deutsche Schachbundesliga 2010/11"]
[Site "Germany"]
[Date "2011.02.27"]
[Round "11"]
[White "Schlosser, Philipp"]
[Black "Kolbus, Dietmar"]
[Result "1-0"]
[ECO "D11"]
[WhiteElo "2574"]
[BlackElo "2332"]
[PlyCount "119"]
[EventDate "2011.??.??"]
[WhiteTeam "Baden-Baden"]
[BlackTeam "SG Trier"]
[TimeControl "40/6000+30:20/3000+30:900+30"]

1. Nf3 Nf6 2. c4 c6 3. d4 d5 4. e3 Bg4 5. Nc3 e6 6. h3 Bxf3 7. Qxf3 Bb4 8. Bd3
Nbd7 9. O-O O-O 10. a3 Bxc3 11. bxc3 Qc7 12. a4 Rfc8 13. Bd2 Nb6 14. c5 Nbd7
15. c4 b6 16. cxb6 axb6 17. Rfc1 c5 18. cxd5 exd5 19. Bb5 Ne4 20. dxc5 bxc5 21.
Be1 Ndf6 22. Qd1 Qe7 23. Bd3 Qe6 24. a5 Nd7 25. Qa4 c4 26. Bxe4 dxe4 27. Rc2
Rc6 28. Bc3 Nc5 29. Qb5 h6 30. Rd1 Nd3 31. Rb1 Kh7 32. Qb7 Rac8 33. Rb6 Nc5 34.
Rxc6 Rxc6 35. Qb5 Nd3 36. Ra2 Nc1 37. Rd2 Nd3 38. Bd4 Kg6 39. Rc2 Kh7 40. Kf1
Kg6 41. Bc3 Kh7 42. Ra2 Rc5 43. Qb7 Qf5 44. Qb1 Rb5 45. Qc2 Rb3 46. a6 Qb5 47.
Ra1 Qf5 48. Kg1 Rxc3 49. Qxc3 Qxf2+ 50. Kh2 Qxe3 51. a7 Qf4+ 52. Kh1 Qg3 53.
Qc2 Nf2+ 54. Qxf2 Qxf2 55. a8=Q f5 56. Qa2 Qd4 57. Rc1 c3 58. Qc2 Qd2 59. Qxc3
Qf2 60. Qe5 1-0

[Event "Deutsche Schachbundesliga 2010/11"]
[Site "Germany"]
[Date "2011.02.27"]
[Round "11"]
[White "Seger, Ruediger"]
[Black "Meier, Georg"]
[Result "0-1"]
[ECO "C68"]
[WhiteElo "2416"]
[BlackElo "2659"]
[PlyCount "90"]
[EventDate "2011.??.??"]
[WhiteTeam "SG Trier"]
[BlackTeam "Baden-Baden"]
[TimeControl "40/6000+30:20/3000+30:900+30"]

1. e4 e5 2. Nf3 Nc6 3. Bb5 a6 4. Bxc6 dxc6 5. O-O Bg4 6. h3 Bh5 7. g4 Bg6 8.
Nxe5 Qh4 9. Qf3 f6 10. Nxg6 hxg6 11. Kg2 g5 12. d3 Ne7 13. Rh1 Qh7 14. Kg1
O-O-O 15. Nc3 Kb8 16. Be3 Ng6 17. Ne2 Bd6 18. Ng3 Nh4 19. Qe2 g6 20. Kf1 Qe7
21. Rg1 Bf4 22. Ke1 c5 23. Rd1 Rhe8 24. Rd2 Qe6 25. c4 f5 26. gxf5 gxf5 27.
Nxf5 Nxf5 28. exf5 Qxf5 29. Qg4 Qh7 30. Ke2 Rd4 31. Qf3 Bxe3 32. fxe3 Rf4 33.
Qg3 Qh5+ 34. Ke1 Rf3 35. Qg4 Rexe3+ 36. Re2 Qf7 37. Rgg2 Rxd3 38. Rgf2 Rf4 39.
Qxg5 Rxf2 40. Rxf2 Qxc4 41. Re2 Rxh3 42. Qd8+ Ka7 43. Qxc7 Rf3 44. Kd2 Qd3+ 45.
Ke1 Qb1+ 0-1

[Event "Deutsche Schachbundesliga 2010/11"]
[Site "Germany"]
[Date "2011.02.27"]
[Round "11"]
[White "Areshchenko, Alexander"]
[Black "Glek, Igor"]
[Result "1-0"]
[ECO "C12"]
[WhiteElo "2664"]
[BlackElo "2467"]
[PlyCount "59"]
[EventDate "2011.??.??"]
[WhiteTeam "Bremen"]
[BlackTeam "Katernberg"]
[TimeControl "40/6000+30:20/3000+30:900+30"]

1. e4 e6 2. d4 d5 3. Nc3 Nf6 4. Bg5 Bb4 5. e5 h6 6. Be3 Ne4 7. Qg4 g6 8. a3
Bxc3+ 9. bxc3 Nxc3 10. Bd3 Nc6 11. Ne2 Nxe2 12. Qxe2 Bd7 13. h4 f5 14. Qd2 h5
15. Bg5 Qc8 16. Bf6 Rh7 17. Qf4 Kf8 18. g4 hxg4 19. f3 gxf3 20. Kf2 Be8 21. h5
gxh5 22. Rag1 Bf7 23. Rg7 Rxg7 24. Qh6 Ke8 25. Qxg7 a6 26. c3 b5 27. Rg1 Nd8
28. Qh7 Kd7 29. Rg8 Kc6 30. Rxd8 1-0

[Event "Deutsche Schachbundesliga 2010/11"]
[Site "Germany"]
[Date "2011.02.27"]
[Round "11"]
[White "Chuchelov, Vladimir"]
[Black "Gashimov, Vugar"]
[Result "0-1"]
[ECO "A43"]
[WhiteElo "2565"]
[BlackElo "2719"]
[PlyCount "74"]
[EventDate "2011.??.??"]
[WhiteTeam "Katernberg"]
[BlackTeam "Bremen"]
[TimeControl "40/6000+30:20/3000+30:900+30"]

1. d4 Nf6 2. Nf3 c5 3. d5 d6 4. Nc3 g6 5. e4 Bg7 6. Be2 O-O 7. O-O Bg4 8. h3
Bxf3 9. Bxf3 Na6 10. Re1 Nd7 11. Be2 Nc7 12. a4 a6 13. Bg5 Rb8 14. Qd2 b5 15.
axb5 axb5 16. Ra7 Re8 17. Rea1 c4 18. Re1 Nc5 19. Bf1 b4 20. Nd1 Nb5 21. Ra2 c3
22. Qc1 cxb2 23. Nxb2 Nc3 24. Ra7 N5xe4 25. Qe3 Nxg5 26. Qxg5 Bf6 27. Qd2 Qc8
28. Nc4 Nb5 29. Ra5 Bc3 30. Qd1 Bxe1 31. Qxe1 Nc3 32. Qe3 Qc7 33. Ra7 Qc5 34.
Qxc5 dxc5 35. d6 exd6 36. Nxd6 Re1 37. f3 Rd8 0-1

[Event "Deutsche Schachbundesliga 2010/11"]
[Site "Germany"]
[Date "2011.02.27"]
[Round "11"]
[White "Efimenko, Zahar"]
[Black "Bischoff, Klaus"]
[Result "1-0"]
[ECO "B05"]
[WhiteElo "2683"]
[BlackElo "2553"]
[PlyCount "97"]
[EventDate "2011.??.??"]
[WhiteTeam "Bremen"]
[BlackTeam "Katernberg"]
[TimeControl "40/6000+30:20/3000+30:900+30"]

1. e4 Nf6 2. e5 Nd5 3. d4 d6 4. Nf3 Bg4 5. Be2 e6 6. O-O Be7 7. h3 Bh5 8. c4
Nb6 9. exd6 cxd6 10. Nc3 N8d7 11. b3 O-O 12. Bf4 Nf6 13. Qd2 a6 14. Rac1 Re8
15. Rfd1 h6 16. Qe3 Bg6 17. Bh2 Bf8 18. Ne1 Nbd7 19. Bd3 Bxd3 20. Nxd3 Rc8 21.
Qf3 Qb6 22. Nf4 Qa7 23. Nfe2 b6 24. Bf4 Qa8 25. Qxa8 Rxa8 26. Kf1 d5 27. cxd5
exd5 28. Nb1 b5 29. Rc6 b4 30. Nd2 a5 31. Ng3 g6 32. Re1 Rxe1+ 33. Kxe1 Bg7 34.
Ke2 Nf8 35. Kd3 Ne6 36. Ne2 h5 37. Bd6 Bh6 38. f4 h4 39. Nf3 Ne4 40. Be5 a4 41.
Nxh4 axb3 42. axb3 Ra3 43. Rc8+ Bf8 44. Nc1 f6 45. Nxg6 fxe5 46. dxe5 N6c5+ 47.
Kd4 Ra1 48. Nxf8 Kg7 49. Kxd5 1-0

[Event "Deutsche Schachbundesliga 2010/11"]
[Site "Germany"]
[Date "2011.02.27"]
[Round "11"]
[White "Eljanov, Pavel"]
[Black "Volokitin, Andrei"]
[Result "1-0"]
[ECO "E46"]
[WhiteElo "2761"]
[BlackElo "2661"]
[PlyCount "185"]
[EventDate "2011.??.??"]
[WhiteTeam "Bremen"]
[BlackTeam "Katernberg"]
[TimeControl "40/6000+30:20/3000+30:900+30"]

1. d4 Nf6 2. c4 e6 3. Nc3 Bb4 4. e3 O-O 5. Nge2 d5 6. a3 Bd6 7. c5 Be7 8. b4 b6
9. Nf4 a5 10. Bb2 axb4 11. axb4 Rxa1 12. Bxa1 Ne4 13. Nxe4 dxe4 14. Bc4 c6 15.
O-O Ba6 16. Qc2 Bg5 17. Ne2 Bxc4 18. Qxc4 b5 19. Qa2 Qd5 20. Qa3 f5 21. Nc3 Qd8
22. Bb2 Qc8 23. Ra1 Nd7 24. Qa7 Nf6 25. d5 exd5 26. Ne2 Nd7 27. h3 f4 28. exf4
Bxf4 29. Nxf4 Rxf4 30. Qa8 Rf8 31. Qxc8 Rxc8 32. Ra7 Nf6 33. g4 Re8 34. Bd4 Re6
35. Kg2 Kf8 36. Kg3 Re7 37. Ra6 Re6 38. Kf4 Ng8 39. h4 Kf7 40. Ra7+ Re7 41. Ra8
g6 42. Rc8 Re6 43. Rc7+ Ne7 44. Kg5 h5 45. gxh5 gxh5 46. Kxh5 Ke8 47. Kg5 Rg6+
48. Kf4 Rh6 49. Kg4 Rg6+ 50. Kf4 Rh6 51. Ke5 Ng6+ 52. Ke6 Kd8 53. Rf7 Nxh4+ 54.
Rf6 Rh5 55. Be3 d4 56. Bxd4 Nf3 57. Be3 Rd5 58. Rf4 Nd4+ 59. Kf6 Nc2 60. Rxe4
Nxe3 61. fxe3 Rh5 62. Rf4 Rh6+ 63. Ke5 Ke7 64. e4 Re6+ 65. Kd4 Rh6 66. Rg4 Kf7
67. Rg5 Rh3 68. Ke5 Ke7 69. Rg6 Rh5+ 70. Kf4 Rh4+ 71. Kf5 Rh5+ 72. Rg5 Rh7 73.
Ke5 Kd7 74. Rg6 Rh1 75. Rd6+ Kc7 76. Rd4 Rc1 77. Kf4 Rf1+ 78. Kg5 Rg1+ 79. Kf5
Rf1+ 80. Ke6 Rf4 81. Ke5 Rf1 82. Ke6 Rf4 83. Ke7 Rh4 84. Kf6 Rg4 85. Kf5 Rh4
86. Kg5 Rh3 87. e5 Rg3+ 88. Kf6 Rf3+ 89. Ke7 Rc3 90. e6 Rc4 91. Rd7+ Kc8 92.
Kd6 Rxb4 93. e7 1-0

[Event "Deutsche Schachbundesliga 2010/11"]
[Site "Germany"]
[Date "2011.02.27"]
[Round "11"]
[White "Firman, Nazar"]
[Black "McShane, Luke J"]
[Result "0-1"]
[ECO "C65"]
[WhiteElo "2551"]
[BlackElo "2657"]
[PlyCount "128"]
[EventDate "2011.??.??"]
[WhiteTeam "Katernberg"]
[BlackTeam "Bremen"]
[TimeControl "40/6000+30:20/3000+30:900+30"]

1. e4 e5 2. Nf3 Nc6 3. Bb5 Nf6 4. d3 Bc5 5. c3 O-O 6. Bxc6 bxc6 7. Nxe5 d5 8.
d4 Bb6 9. O-O Nxe4 10. f3 Nf6 11. Be3 Re8 12. Bf2 c5 13. Nxf7 Kxf7 14. dxc5 Ba6
15. Re1 Rxe1+ 16. Qxe1 Qd7 17. cxb6 Re8 18. Qc1 axb6 19. a4 Re2 20. b4 Qf5 21.
b5 Bc8 22. Qd1 Qc2 23. Qxc2 Rxc2 24. Na3 Rxc3 25. Be1 Rd3 26. Nc2 Nd7 27. Nb4
Rd4 28. Nc6 Rc4 29. Bg3 Kf6 30. Rd1 Bb7 31. a5 Bxc6 32. bxc6 Rxc6 33. Rxd5 Rc1+
34. Kf2 Ke6 35. Rb5 Rc2+ 36. Ke3 c6 37. Rg5 g6 38. axb6 Nxb6 39. Re5+ Kd7 40.
Kd3 Rxg2 41. Ra5 Nc8 42. Ra4 Ne7 43. Rd4+ Nd5 44. Re4 Ra2 45. Re1 Ra3+ 46. Ke4
Ke6 47. Kd4+ Kf5 48. Re5+ Kf6 49. Re8 h5 50. Bd6 Ra2 51. Re4 Rf2 52. Kc5 Rxf3
53. Kxc6 Rd3 54. h4 Ne3 55. Bf4 Ng2 56. Bg5+ Kf5 57. Re2 Nf4 58. Re1 Ne6 59.
Be7 Nd4+ 60. Kc5 Nf3 61. Re2 Rd7 62. Kc6 Rd4 63. Kc5 Re4 64. Rxe4 Kxe4 0-1

[Event "Deutsche Schachbundesliga 2010/11"]
[Site "Germany"]
[Date "2011.02.27"]
[Round "11"]
[White "Hracek, Zbynek"]
[Black "Siebrecht, Sebastian"]
[Result "1-0"]
[ECO "B43"]
[WhiteElo "2633"]
[BlackElo "2421"]
[PlyCount "95"]
[EventDate "2011.??.??"]
[WhiteTeam "Bremen"]
[BlackTeam "Katernberg"]
[TimeControl "40/6000+30:20/3000+30:900+30"]

1. e4 c5 2. Nf3 e6 3. d4 cxd4 4. Nxd4 a6 5. Nc3 b5 6. Bd3 Bc5 7. Nb3 Be7 8. O-O
Nc6 9. f4 d6 10. e5 dxe5 11. fxe5 Nxe5 12. Qh5 Qb6+ 13. Kh1 Bf6 14. Ne4 Nxd3
15. cxd3 Bb7 16. Qf3 Bd5 17. Be3 Qd8 18. Qg3 Bxe4 19. dxe4 Qb8 20. Qf3 e5 21.
Rad1 Qc7 22. Nc5 Qc6 23. Rd3 h6 24. Nd7 Qe6 25. Nb6 Rb8 26. Nd5 Bd8 27. Bc5 Rc8
28. b4 Ne7 29. Qg3 Ng6 30. Ne3 Rxc5 31. bxc5 Qxa2 32. Nf5 O-O 33. h4 h5 34. Rd6
Qc4 35. Qd3 Nf4 36. Qxc4 bxc4 37. g3 Nd3 38. c6 g6 39. Ne3 Nc5 40. Kg2 Nxe4 41.
Rd7 Nc5 42. Rd5 Nd3 43. Rb1 Bc7 44. Rd7 Rc8 45. Nd5 c3 46. Ne7+ Kf8 47. Nxc8 c2
48. Rf1 1-0

[Event "Deutsche Schachbundesliga 2010/11"]
[Site "Germany"]
[Date "2011.02.27"]
[Round "11"]
[White "Kotainy, Jens"]
[Black "Babula, Vlastimil"]
[Result "1/2-1/2"]
[ECO "B06"]
[WhiteElo "2343"]
[BlackElo "2515"]
[PlyCount "49"]
[EventDate "2011.??.??"]
[WhiteTeam "Katernberg"]
[BlackTeam "Bremen"]
[TimeControl "40/6000+30:20/3000+30:900+30"]

1. e4 c5 2. c3 d5 3. exd5 Qxd5 4. d4 g6 5. Nf3 Bg7 6. Na3 cxd4 7. Bc4 Qe4+ 8.
Be3 Nh6 9. cxd4 O-O 10. O-O Bg4 11. Ng5 Bxd1 12. Nxe4 Bg4 13. Bg5 Re8 14. Rfe1
Bd7 15. Nb5 Rc8 16. Nc5 Nf5 17. Bxe7 Bxb5 18. Bxb5 Nxd4 19. Bd3 Nbc6 20. Bd6
Rd8 21. Nxb7 Rd7 22. Ba6 Nc2 23. Bb5 N2d4 24. Ba6 Nc2 25. Bb5 1/2-1/2

[Event "Deutsche Schachbundesliga 2010/11"]
[Site "Germany"]
[Date "2011.02.27"]
[Round "11"]
[White "Zaragatski, Ilja"]
[Black "Nyback, Tomi"]
[Result "1-0"]
[ECO "D02"]
[WhiteElo "2490"]
[BlackElo "2635"]
[PlyCount "87"]
[EventDate "2011.??.??"]
[WhiteTeam "Katernberg"]
[BlackTeam "Bremen"]
[TimeControl "40/6000+30:20/3000+30:900+30"]

1. Nf3 d5 2. g3 Nc6 3. d4 Bg4 4. Bg2 Qd7 5. c4 dxc4 6. d5 Bxf3 7. Bxf3 Ne5 8.
Bg2 e6 9. Qd4 Nc6 10. Qxc4 O-O-O 11. Nc3 Nb4 12. O-O exd5 13. Qb3 d4 14. a3 Nc6
15. Nb5 Na5 16. Nxa7+ Kb8 17. Qb5 Qxb5 18. Nxb5 Bd6 19. Nxd6 Rxd6 20. Bf4 Rd7
21. b4 Nc4 22. Rfc1 Nd6 23. Be5 Nf6 24. Bxd4 Re8 25. e3 Nb5 26. Bxf6 gxf6 27.
a4 Nd6 28. Rd1 Rde7 29. Rd4 Re5 30. Rad1 f5 31. Rh4 Rh8 32. Rdd4 h6 33. Rh5 Re6
34. Rf4 Rg8 35. h4 b6 36. Bh3 c5 37. bxc5 bxc5 38. Bxf5 Re5 39. Bg4 Rxh5 40.
Bxh5 f5 41. Kf1 Kc7 42. Ke1 Kb6 43. Be2 Rc8 44. Bd3 1-0